 Dungeon Crawl Stone Soup version 0.31-a0-846-gb3bcc0d938 (webtiles) character file.

Game seed: 8859368734361242766

6 Bnni the Grave Robber (level 1, 0/14 HPs)
             Began as a Demonspawn Necromancer on Oct 4, 2023.
             Constricted to death by a ball python (1 damage)
             ... on level 1 of the Dungeon.
             The game lasted 00:01:19 (145 turns).

Bnni the Grave Robber (Demonspawn Necromancer)       Turns: 145, Time: 00:01:20

Health: 0/14       AC:  2    Str:  8    XL:     1   Next: 75%
Magic:  0/3        EV:  9    Int: 16    God:
Gold:   2          SH:  0    Dex: 13    Spells: 3/4 levels left

rFire   . . .        (no weapon)
rCold   . . .        (no shield)
rNeg    . . .        a - +0 robe
rPois   .            (no helmet)
rElec   .            (no cloak)
rCorr   .            (no gloves)
SInv    .            (no boots)
Will    .....        (no amulet)
Stlth   ++           (no ring)
HPRegen 0.22/turn    (no ring)
MPRegen 0.08/turn

%: no passive effects
@: constricted
A: no striking features
a: no special abilities


You were on level 1 of the Dungeon.
You visited 1 branch of the dungeon, and saw 1 of its levels.

You collected 2 gold pieces.

Inventory:

Armour
 a - a +0 robe (worn)
Potions
 b - a potion of magic


   Skills:
 + Level 0.5 Fighting
 - Level 1.7 Dodging
 - Level 1.7 Stealth
 + Level 2.1 Spellcasting
 + Level 4.5 Necromancy


You had 3 spell levels left.
You knew the following spells:

 Your Spells              Type           Power      Damage    Failure   Level
a - Necrotise             Necr           64%        1d7       3%          1

Your spell library contained the following spells:

 Spells                   Type           Power      Damage    Failure   Level
 Vampiric Draining        Necr           16%        2d7       10%         3
 Animate Dead             Necr           16%        N/A       32%         4
 Agony                    Necr           16%        N/A       65%         5


Dungeon Overview and Level Annotations

Branches:
Dungeon (1/15)

Altars:


Message History

The jackal is severely wounded.
The jackal barely misses you.
The jackal pauses to sniff the ground.
The jackal closely misses you.
Unknown command.
You hit the jackal.
You kill the jackal!
The ball python barely misses you. x2
Unknown command.
You barely miss the ball python. The ball python bites you.
* * * LOW HITPOINT WARNING * * *
The ball python grabs you. The ball python constricts you.
Unknown command.
Casting: Necrotise (safe; 3% risk of failure)
Confirm with . or Enter, or press ? or * to list all spells.
Aiming: Necrotise (safe; 3% risk of failure)
Press: ? - help, Shift-Dir - straight line, f - ball python
Aim: a ball python (constricting you, chance to affect: 86%)
The ball python barely resists.
The ball python closely misses you. The ball python constricts you.
* * * LOW HITPOINT WARNING * * *
Unknown command.
Unknown command.
You closely miss the ball python. The ball python closely misses you.
The ball python constricts you.
Unknown command.
You barely miss the ball python. The ball python closely misses you.
The ball python constricts you.
Unknown command.
You hit the ball python.
The ball python is moderately wounded.
The ball python closely misses you. The ball python constricts you.
The ball python closely misses you. The ball python constricts you.
Unknown command.
You hit the ball python.
The ball python is moderately wounded.
The ball python bites you.
* * * LOW HITPOINT WARNING * * *
The ball python constricts you.
You die...

.# ## ######.##
#. #.. ........
... #..###
#....##..# #.#...
#.......# #..⌠.
#...?..#
#.⌠..###.....###
..#_#8#SK..#.
#∩#†.@#.....#
##..⌠.#..####
#8.⌠..#..#
##...#..## ♣###
#.###.###
...###### ###..##
♣.....♣.######†##
♣..............#
#♣♣♣....[....###


You could see a ball python and a kobold.

Vanquished Creatures
  A giant cockroach (D:1)
  2 jackals (D:1)
  A quokka (D:1)
  A ball python (D:1)
5 creatures vanquished.

Notes
Turn   | Place    | Note
-------+----------+-------------------------------------------
     0 | D:1      | Bnni the Demonspawn Necromancer began the quest for the
                  | Orb.
     0 | D:1      | Reached XP level 1. HP: 13/13 MP: 3/3
    81 | D:1      | Found a faded altar of an unknown god.
   145 | D:1      | Constricted to death by a ball python

Illustrated notes

Levels and vault maps discovered:
D:1:      sevenhm_arrival_forest_fort_large_2, layout_rooms,
          shapermc_ecumenical_altar_venn, grunt_decor_arrowhead,
          nicolae_concentric_dashed_squares_wild

Action                     || total
---------------------------++-------
  Melee: Unarmed           ||    25
         Punch             ||     1
   Cast: Necrotise         ||     8
 Armour: Robe              ||    12
  Dodge: Dodged            ||    25

Table legend: (Time is in decaauts)
 A = Elapsed time spent in this place.
 B = Non-inter-level travel time spent in this place.
 C = Inter-level travel time spent in this place.
 D = Time resting spent in this place.
 E = Time spent auto-exploring this place.
 F = Levels seen in this place.
 G = Mean time per level.
                   A        B        C        D        E       F      G
               +--------+--------+--------+--------+--------+-----+--------+
         Total |    145 |    145 |      0 |      0 |     97 |   1 |  145.0 |
       Dungeon |    145 |    145 |      0 |      0 |     97 |   1 |  145.0 |
               +--------+--------+--------+--------+--------+-----+--------+

Top non-repeatable levels by time:
     D:1: 145 daAuts
